[Event "Titled Tuesday Blitz June 8 2021"]
[White "Lehtosaari, Mauri"]
[Black "Gelman, Alexander"]
[WhiteFideId "501999"]
[BlackFideId "4118316"]
[WhiteElo "2456"]
[BlackElo "2375"]
[Result "0-1"]
[Round "08"]
[TimeControl "180+1"]
[Date "2021.06.08"]
[WhiteClock "0:00:11"]
[BlackClock "0:01:00"]

1. d4 c5 2. c3 Nf6 3. Nf3 h6 4. Bf4 b6 5. Nbd2 Bb7 6. e3 d6 7. h3 Nbd7 8. a4 a6 9. Bc4 g5 10. Bg3 Rg8 11. Qe2 h5 12. e4 g4 13. hxg4 hxg4 14. Nh4 cxd4 15. cxd4 e6 16. d5 Qe7 17. dxe6 fxe6 18. b4 Nh5 19. Rd1 Nxg3 20. fxg3 Ne5 21. O-O Bh6 22. Nf5 exf5 23. Bxg8 Qg5 24. Bd5 Qe3+ 25. Qxe3 Bxe3+ 26. Rf2 Bxd5 27. Kf1 Bxf2 28. exd5 Bxg3 29. Nb3 Rc8 30. Nd4 f4 31. Nf5 Kd7 32. Nxg3 fxg3 33. Rd4 Rc4 0-1


[Site "https://www.chess.com"]

[Event "Titled Tuesday Blitz June 8 2021"]
[White "Levine, Joseph"]
[Black "Leiva, Gianmarco"]
[WhiteFideId "30940346"]
[BlackFideId "3804399"]
[WhiteElo "1785"]
[BlackElo "2365"]
[Result "0-1"]
[Round "08"]
[TimeControl "180+1"]
[Date "2021.06.08"]
[WhiteClock "0:01:48"]
[BlackClock "0:00:39"]

1. e4 c5 2. Nf3 d6 3. d4 cxd4 4. Nxd4 Nf6 5. Nc3 a6 6. Bd3 e5 7. Nde2 Be7 8. O-O O-O 9. Ng3 Nc6 10. Nd5 Nxd5 11. exd5 Nb8 12. c4 f5 13. f4 e4 14. Be2 Qb6+ 15. Kh1 a5 16. Qb3 Bd8 17. Be3 Qxb3 18. axb3 Na6 19. Bd2 Nc5 20. Bd1 Ra6 21. Bc2 g6 22. b4 axb4 23. Bxb4 Bf6 24. Rxa6 bxa6 25. Ba3 a5 26. b4 axb4 27. Bxb4 Ba6 28. Bxc5 dxc5 29. Bb3 Rb8 30. Rb1 Bxc4 31. Ba2 Rxb1+ 32. Bxb1 Bxd5 33. Kg1 Kf7 34. Kf2 Ke6 35. Ne2 Bd4+ 36. Ke1 Be3 37. h3 Bc4 38. g3 h6 39. Bc2 g5 40. fxg5 hxg5 41. h4 gxh4 42. gxh4 Ke5 43. Ng3 Bf7 44. Ke2 Bf4 45. Kf2 Bxg3+ 46. Kxg3 Bh5 47. Kf2 f4 0-1


[Site "https://www.chess.com"]

[Event "Titled Tuesday Blitz June 8 2021"]
[White "Lewtak, Damian"]
[Black "Yoo, Christopher Woojin"]
[WhiteFideId "1141724"]
[BlackFideId "30909694"]
[WhiteElo "2291"]
[BlackElo "2009"]
[Result "1-0"]
[Round "08"]
[TimeControl "180+1"]
[Date "2021.06.08"]
[WhiteClock "0:00:17"]
[BlackClock "0:00:01"]

1. d4 Nf6 2. Bf4 c5 3. d5 d6 4. Nc3 a6 5. a4 e5 6. dxe6 Bxe6 7. e4 Nc6 8. Nf3 Qa5 9. Nd2 Qb4 10. Qc1 d5 11. exd5 Nxd5 12. Nxd5 Bxd5 13. Bc4 Rd8 14. Bc7 Rd7 15. c3 Re7+ 16. Kd1 Bxc4 17. cxb4 Be2+ 18. Kc2 Nxb4+ 19. Kb3 Nd3 20. Qc3 Rxc7 21. Nc4 1-0


[Site "https://www.chess.com"]

[Event "Titled Tuesday Blitz June 8 2021"]
[White "Makhnev, Denis"]
[Black "Donchenko, Alexander"]
[WhiteFideId "13707647"]
[BlackFideId "24603295"]
[WhiteElo "2549"]
[BlackElo "2553"]
[Result "0-1"]
[Round "08"]
[TimeControl "180+1"]
[Date "2021.06.08"]
[WhiteClock "0:00:11"]
[BlackClock "0:00:05"]

1. c4 e5 2. Nc3 Bb4 3. Nd5 a5 4. g3 Ne7 5. Bg2 Nxd5 6. Bxd5 O-O 7. Bg2 c6 8. Nf3 Re8 9. O-O d5 10. cxd5 cxd5 11. d3 Nc6 12. Bd2 Bf8 13. Rc1 Qb6 14. Qc2 h6 15. Be3 d4 16. Bd2 Be6 17. Qb1 Bd5 18. Rfe1 e4 19. dxe4 Bxe4 20. Qa1 Nb4 21. Bxb4 axb4 22. b3 d3 23. exd3 Bxd3 24. Rxe8 Rxe8 25. Qd4 Qxd4 26. Nxd4 b6 27. Rd1 Bg6 28. Bd5 Bc5 29. Kg2 Rd8 30. Nf3 Kf8 31. Rd2 Bf5 32. Be4 Rxd2 33. Nxd2 Be6 34. f4 Ke7 35. Kf3 f5 36. Bb7 Kf6 37. Nc4 g5 38. h3 Bd7 39. Bd5 Bb5 40. g4 Bd7 41. Ne5 Bc8 42. Nc4 Ba6 43. gxf5 Kxf5 44. Be4+ Kf6 45. Ne5 Bc8 46. Ng4+ Kg7 47. fxg5 hxg5 48. Kg2 Bd4 49. Kg3 Be6 50. Kf3 Kf7 51. Kg3 Ke7 52. h4 gxh4+ 53. Kxh4 Kd6 54. Kg3 Kc5 55. Kf3 Bg7 56. Nf2 Kd4 57. Nd1 Bf7 58. Bf5 Bh5+ 59. Bg4 Bxg4+ 60. Kxg4 Kd3 61. Kf3 Kc2 62. Ke2 Bd4 63. Ne3+ Bxe3 64. Kxe3 Kb2 65. Kd3 Kxa2 0-1


[Site "https://www.chess.com"]

[Event "Titled Tuesday Blitz June 8 2021"]
[White "Maksimenko, Viktor"]
[Black "Rustemov, Alexander"]
[WhiteFideId "13710478"]
[BlackFideId "4119002"]
[WhiteElo "2269"]
[BlackElo "2703"]
[Result "0-1"]
[Round "08"]
[TimeControl "180+1"]
[Date "2021.06.08"]
[WhiteClock "0:00:07"]
[BlackClock "0:00:56"]

1. d4 d5 2. c4 c6 3. Nf3 Nf6 4. Nc3 dxc4 5. a4 Bf5 6. Ne5 Nbd7 7. Nxc4 Nb6 8. Ne5 a5 9. f3 Nfd7 10. Nxd7 Nxd7 11. e4 Bg6 12. Be3 e6 13. Be2 Qb6 14. Qd2 Rd8 15. O-O Be7 16. Rad1 O-O 17. Kh1 Qc7 18. Bg1 f5 19. d5 Nc5 20. Qe3 fxe4 21. d6 Rxd6 22. fxe4 Rxd1 23. Rxd1 e5 24. Bc4+ Bf7 25. Qe2 Ne6 26. Rf1 Nd4 27. Bxf7+ Rxf7 28. Qc4 Bf6 29. h3 h6 30. Bh2 Qe7 31. Bg1 Qb4 32. Qa2 Qb3 33. Qb1 Rd7 34. Qc1 Ne6 35. Rxf6 gxf6 36. Qxh6 Rf7 37. Qg6+ Ng7 38. h4 Rf8 39. Bc5 Qf7 40. Qg4 Rd8 41. Bb6 Rd3 42. Bxa5 Qh5 43. Qc8+ Kh7 0-1


[Site "https://www.chess.com"]

[Event "Titled Tuesday Blitz June 8 2021"]
[White "Maly, Alexey"]
[Black "Kim, Sergey"]
[WhiteFideId "14103184"]
[BlackFideId "13700570"]
[WhiteElo "2285"]
[BlackElo "2516"]
[Result "1/2-1/2"]
[Round "08"]
[TimeControl "180+1"]
[Date "2021.06.08"]
[WhiteClock "0:00:20"]
[BlackClock "0:00:17"]

1. d4 Nf6 2. c4 g6 3. Nc3 Bg7 4. e4 d6 5. Be2 O-O 6. Nf3 e5 7. O-O exd4 8. Nxd4 Re8 9. f3 Nbd7 10. Be3 c6 11. Qd2 a5 12. Rfd1 a4 13. Rac1 Qa5 14. b3 Nc5 15. Qc2 Qb4 16. Rb1 axb3 17. axb3 Nfd7 18. Bf1 Ne5 19. Nde2 Bf8 20. Kh1 f5 21. Bd2 Qb6 22. Ng3 fxe4 23. Ngxe4 Nxe4 24. Nxe4 Bf5 25. Bc3 Bxe4 26. Qxe4 Rad8 27. Re1 Bg7 28. Qc2 Nf7 29. Bxg7 Kxg7 30. Qc3+ Kg8 31. Qc2 Qd4 32. h3 Qf4 33. Bd3 Qg3 34. Qd2 Ne5 35. Be4 Nf7 36. Re2 Ng5 37. Bc2 Rxe2 38. Qxe2 Rf8 39. Rf1 Rf4 40. Qe8+ Kg7 41. Qe7+ Kh6 42. Qe2 Rh4 43. Qe3 Kg7 44. Qe7+ Kh6 45. Qe3 Kg7 46. Qe7+ Kh6 47. Qe3 1/2-1/2


[Site "https://www.chess.com"]

[Event "Titled Tuesday Blitz June 8 2021"]
[White "Manukyan, Sargis A."]
[Black "Vakhlamov, Igor L."]
[WhiteFideId "13303970"]
[BlackFideId "24126748"]
[WhiteElo "2187"]
[BlackElo "2405"]
[Result "0-1"]
[Round "08"]
[TimeControl "180+1"]
[Date "2021.06.08"]
[WhiteClock "0:00:03"]
[BlackClock "0:00:21"]

1. d4 d5 2. c4 c6 3. Nc3 Nf6 4. Nf3 a6 5. c5 Nbd7 6. Bf4 Nh5 7. Bg5 h6 8. Bd2 g6 9. e4 dxe4 10. Nxe4 Bg7 11. Bc4 O-O 12. O-O Ndf6 13. Nc3 Nd5 14. h3 Be6 15. Qb3 Nxc3 16. bxc3 Bxc4 17. Qxc4 Nf6 18. Rab1 Qc7 19. Rfe1 Nd5 20. Ne5 Rab8 21. Qd3 b5 22. cxb6 Rxb6 23. Rxb6 Nxb6 24. Qxa6 Ra8 25. Qd3 Rxa2 26. Bf4 Nd5 27. Bg3 Bxe5 28. Bxe5 Qa5 29. Rc1 Ra1 30. Rxa1 Qxa1+ 31. Kh2 Qxc3 32. Qa6 f6 33. Qc8+ Kf7 34. Bg3 g5 35. Qd7 h5 36. Qf5 h4 37. Qh7+ Kf8 38. Qh8+ Kf7 39. Qh7+ Ke8 40. Qg6+ Kd8 41. Bb8 Qxd4 42. Qf7 Qxf2 43. Qe6 Qb6 44. Qg8+ Kd7 45. Kh1 Qd8 0-1


[Site "https://www.chess.com"]

[Event "Titled Tuesday Blitz June 8 2021"]
[White "Martin Duque, Jesus"]
[Black "Ivanisevic, Ivan"]
[WhiteFideId "2208954"]
[BlackFideId "912417"]
[WhiteElo "2246"]
[BlackElo "2499"]
[Result "0-1"]
[Round "08"]
[TimeControl "180+1"]
[Date "2021.06.08"]
[WhiteClock "0:00:28"]
[BlackClock "0:00:26"]

1. Nf3 d5 2. b3 Bg4 3. e3 Nf6 4. Bb2 Nbd7 5. h3 Bxf3 6. Qxf3 e5 7. g4 c6 8. Nc3 Qa5 9. g5 Ng8 10. a3 Bd6 11. h4 Ne7 12. Bh3 Qc7 13. h5 Rf8 14. O-O-O O-O-O 15. Kb1 Kb8 16. e4 d4 17. Ne2 f6 18. g6 hxg6 19. hxg6 c5 20. d3 b5 21. Be6 Nb6 22. Ng3 Nxg6 23. Qg4 Nf4 24. Bf5 g6 25. Bxg6 Rg8 26. Rh6 Qg7 27. Nf5 Qf8 28. Rg1 c4 29. Qf3 Bxa3 30. Ba1 cxb3 31. cxb3 Qb4 32. Qd1 Rc8 33. Bf7 Rxg1 34. Qxg1 Rc1+ 35. Qxc1 Bxc1 36. Rh8+ Kb7 37. Kxc1 Qe1+ 38. Kb2 Nxd3+ 0-1


[Site "https://www.chess.com"]

[Event "Titled Tuesday Blitz June 8 2021"]
[White "Morefield, Jason"]
[Black "Rottenwohrer Suarez, Juan"]
[WhiteFideId "30920825"]
[BlackFideId "32068182"]
[WhiteElo "2171"]
[BlackElo "2188"]
[Result "1-0"]
[Round "08"]
[TimeControl "180+1"]
[Date "2021.06.08"]
[WhiteClock "0:01:36"]
[BlackClock "0:00:01"]

1. d4 Nf6 2. c4 g6 3. Nc3 Bg7 4. e4 d6 5. Nf3 O-O 6. Be2 e5 7. Be3 Nbd7 8. O-O exd4 9. Nxd4 Nc5 10. f3 Bd7 11. Bf2 a6 12. Qd2 Na4 13. Rac1 Nxc3 14. Rxc3 b5 15. cxb5 axb5 16. a3 Rb8 17. Nc6 Bxc6 18. Rxc6 Nd7 19. Rfc1 Rb7 20. b3 Nc5 21. Qd5 Rb8 22. b4 Ne6 23. g3 Qf6 24. f4 Qb2 25. R1c2 Qxa3 26. f5 Qa1+ 27. Rc1 Qb2 28. R6c2 Qxb4 29. fxe6 fxe6 30. Qxe6+ Kh8 31. Rxc7 Qd2 32. R7c2 Qg5 33. Bf1 b4 34. Rb1 Qh5 35. Qxd6 Qa5 36. Bd4 1-0


[Site "https://www.chess.com"]

[Event "Titled Tuesday Blitz June 8 2021"]
[White "Moroni, Luca Jr"]
[Black "Madaminov, Mukhiddin"]
[WhiteFideId "865834"]
[BlackFideId "14210703"]
[WhiteElo "2491"]
[BlackElo "1747"]
[Result "1-0"]
[Round "08"]
[TimeControl "180+1"]
[Date "2021.06.08"]
[WhiteClock "0:00:24"]
[BlackClock "0:00:21"]

1. d4 Nf6 2. c4 e6 3. Nc3 Bb4 4. Nf3 d5 5. cxd5 exd5 6. Bf4 O-O 7. e3 c6 8. Bd3 Bg4 9. Qb3 Qb6 10. Ne5 Bh5 11. O-O Nbd7 12. Na4 Qa5 13. Nxd7 Nxd7 14. a3 Bd2 15. Qc2 b5 16. Nc5 Nxc5 17. dxc5 Bg6 18. Rfd1 Bb4 19. axb4 Qxb4 20. Bxg6 fxg6 21. Rd4 Qxd4 22. exd4 Rxf4 23. Qd2 Re4 24. Re1 Rae8 25. Rxe4 Rxe4 26. f3 Re6 27. Qa5 h6 28. Qxa7 g5 29. Qd7 Rf6 30. Kf2 Kh7 31. Ke3 Kg6 32. Kd3 h5 33. h3 g4 34. hxg4 h4 35. g5 Kxg5 36. Qg4+ Kh6 37. Qxh4+ Kg6 38. Qg4+ Kh6 39. Qd7 Rg6 40. g4 Rf6 41. g5+ Kxg5 42. Qxg7+ Kf5 43. Qg4# 1-0


[Site "https://www.chess.com"]

[Event "Titled Tuesday Blitz June 8 2021"]
[White "Murzin, Volodar"]
[Black "Esipenko, Andrey"]
[WhiteFideId "44155573"]
[BlackFideId "24175439"]
[WhiteElo "2541"]
[BlackElo "2595"]
[Result "0-1"]
[Round "08"]
[TimeControl "180+1"]
[Date "2021.06.08"]
[WhiteClock "0:00:01"]
[BlackClock "0:00:12"]

1. e4 e5 2. Nf3 Nc6 3. Bb5 a6 4. Ba4 Nf6 5. d3 b5 6. Bb3 Bc5 7. c3 d6 8. Bg5 Bb6 9. Nbd2 h6 10. Bh4 g5 11. Bg3 Nh5 12. Bd5 Bd7 13. Nxe5 Nxg3 14. Nxd7 Bxf2+ 15. Kxf2 Nxh1+ 16. Kg1 Qxd7 17. Qf3 Rd8 18. Qf6 Rh7 19. e5 Nxe5 20. Be4 Ng4 21. Qf3 Ne5 22. Qf6 Nf2 23. Bxh7 Nfg4 24. Qg7 Qe7 25. Rf1 Qf8 26. Qxf8+ Kxf8 27. h3 Ne3 28. Re1 Nd5 29. Be4 Nf4 30. d4 Nd7 31. Bc6 Nd3 32. Rb1 Nb8 33. Be4 Nf4 34. Kf2 Re8 35. g3 Nxh3+ 36. Kg2 g4 37. Rf1 Kg7 38. Bd3 Re3 39. Bf5 Re2+ 0-1


[Site "https://www.chess.com"]

[Event "Titled Tuesday Blitz June 8 2021"]
[White "Nagy, Gabor"]
[Black "Tokhirjonova, Gulrukhbegim"]
[WhiteFideId "737119"]
[BlackFideId "14203626"]
[WhiteElo "2562"]
[BlackElo "2236"]
[Result "1-0"]
[Round "08"]
[TimeControl "180+1"]
[Date "2021.06.08"]
[WhiteClock "0:01:24"]
[BlackClock "0:00:04"]

1. e4 e5 2. Nf3 Nc6 3. Bb5 a6 4. Ba4 Nf6 5. d4 exd4 6. O-O Be7 7. e5 Ne4 8. Nxd4 Nc5 9. Nf5 Ne6 10. Nc3 O-O 11. Nd5 b5 12. Bb3 Re8 13. Re1 Bf8 14. Qg4 Kh8 15. Bd2 d6 16. exd6 cxd6 17. Bc3 f6 18. Rad1 Ne5 19. Qg3 Nc5 20. Nfe3 Ne4 21. Qh4 Nxc3 22. Nxc3 Be6 23. Bxe6 Rxe6 24. Nf5 Qc7 25. f4 Ng6 26. Qf2 Rxe1+ 27. Rxe1 Qc5 28. Nd4 h6 29. g3 b4 30. Ne4 Qb6 31. Nd2 d5 32. Kg2 Bc5 33. N2b3 Bd6 34. Re6 Nf8 35. Re2 a5 36. Nf5 Qxf2+ 37. Kxf2 Bc7 38. Kf3 a4 39. Nbd4 g6 40. Ne7 Bb6 41. Ndc6 f5 42. Nxd5 Bc5 43. Ndxb4 a3 44. b3 Rc8 45. c4 Kg7 46. Re5 Bd6 47. Rd5 Bc7 48. Nd4 Kf6 49. Rb5 Re8 50. Nd5+ 1-0


[Site "https://www.chess.com"]

[Event "Titled Tuesday Blitz June 8 2021"]
[White "Narayanan.S.L"]
[Black "Drygalov, Sergey"]
[WhiteFideId "5058422"]
[BlackFideId "24171743"]
[WhiteElo "2617"]
[BlackElo "2514"]
[Result "1-0"]
[Round "08"]
[TimeControl "180+1"]
[Date "2021.06.08"]
[WhiteClock "0:02:12"]
[BlackClock "0:00:23"]

1. b4 e5 2. Bb2 e4 3. e3 Nf6 4. a3 d5 5. c4 c6 6. Nc3 Be7 7. cxd5 cxd5 8. d3 a5 9. b5 exd3 10. Bxd3 Nbd7 11. Nge2 Nc5 12. Bc2 O-O 13. O-O Be6 14. Nf4 Qd6 15. f3 Rfd8 16. Nce2 a4 17. Nd4 Qb6 18. Kh1 Bf8 19. Qe1 Bd7 20. Qh4 Be7 21. Nxd5 Qd6 22. Nxe7+ Qxe7 23. Bxh7+ Kf8 24. Bc2 Kg8 25. Rae1 Nb3 26. Nxb3 axb3 27. Bxb3 Bxb5 28. Rg1 Rd3 29. Bc2 Rd2 30. Bxf6 Qxf6 31. Qh7+ Kf8 32. Qh8+ Ke7 33. Qxa8 Rxc2 34. Qxb7+ Bd7 35. Qe4+ Qe5 36. Qxe5+ Be6 37. Rc1 Rd2 38. Rc7+ Rd7 39. Rxd7+ Kxd7 40. Qxg7 Kd6 41. h4 Kd5 42. h5 Kc4 43. h6 Kd3 44. h7 Ke2 45. h8=Q Kf2 46. a4 Ke2 47. a5 Bc4 48. Qd4 Kf2 49. Qd2+ Kg3 50. Qh2# 1-0


[Site "https://www.chess.com"]

[Event "Titled Tuesday Blitz June 8 2021"]
[White "Narayanan, Srinath"]
[Black "Concio, Michael Jr."]
[WhiteFideId "5018420"]
[BlackFideId "5217873"]
[WhiteElo "2472"]
[BlackElo "1896"]
[Result "1-0"]
[Round "08"]
[TimeControl "180+1"]
[Date "2021.06.08"]
[WhiteClock "0:00:32"]
[BlackClock "0:01:00"]

1. Nf3 Nf6 2. c4 e6 3. g3 b6 4. Bg2 Bb7 5. O-O Be7 6. d4 O-O 7. a3 d5 8. cxd5 exd5 9. b4 Nbd7 10. Nc3 c6 11. Bf4 Re8 12. Ne5 Nf8 13. Rc1 Ne6 14. b5 Nxf4 15. bxc6 Nxe2+ 16. Qxe2 Bc8 17. c7 Qd6 18. Nb5 Qe6 19. Rc6 Qf5 20. Nd6 Bxd6 21. Rxd6 Bb7 22. Rc1 Rac8 23. Qf3 Qg5 24. Qf4 Qh5 25. Bf3 Qh3 26. Rxf6 gxf6 27. Bg4 fxe5 28. Qg5+ 1-0


[Site "https://www.chess.com"]

[Event "Titled Tuesday Blitz June 8 2021"]
[White "Nazaretyan, Tigran"]
[Black "Badelka, Olga"]
[WhiteFideId "24162345"]
[BlackFideId "13509926"]
[WhiteElo "2247"]
[BlackElo "2181"]
[Result "1/2-1/2"]
[Round "08"]
[TimeControl "180+1"]
[Date "2021.06.08"]
[WhiteClock "0:01:06"]
[BlackClock "0:00:21"]

1. d4 d5 2. c4 dxc4 3. e3 Nf6 4. Bxc4 e6 5. Nf3 c5 6. O-O a6 7. a4 Nc6 8. Qe2 cxd4 9. Rd1 d3 10. Rxd3 Qc7 11. Nc3 Bd6 12. e4 Ne5 13. Nxe5 Bxe5 14. g3 O-O 15. Bb3 Bd7 16. Be3 Bc6 17. f3 Rad8 18. Rad1 Rxd3 19. Qxd3 Bxg3 20. hxg3 Qxg3+ 21. Kf1 Qxf3+ 22. Bf2 Qg4 23. Re1 h5 24. Bd1 Qg6 25. Qg3 Ng4 26. Bxg4 hxg4 27. Qd6 Qh5 28. Rd1 Qh1+ 29. Ke2 Qf3+ 30. Ke1 Qh1+ 31. Kd2 Qf3 32. Bg3 e5 33. Bxe5 Bxe4 34. Nxe4 Qxe4 35. Qd4 Qg2+ 36. Kc1 Rc8+ 37. Kb1 Qc2+ 38. Ka1 Qc4 39. Bxg7 b5 40. Bf6 Qxd4 41. Rxd4 Rc4 42. Rxc4 bxc4 43. Be5 f5 44. Kb1 Kf7 45. Kc2 Ke6 46. Bf4 Kd5 47. Kd2 Ke4 48. Bc7 f4 49. Ke2 g3 50. Bb8 f3+ 51. Kf1 g2+ 52. Kf2 Kd3 53. Be5 Kc2 54. Bd4 Kb3 55. Kxf3 Kxa4 56. Kxg2 Kb3 57. Kf3 a5 58. Ke2 a4 59. Kd2 a3 60. bxa3 Kxa3 61. Kc3 Ka4 62. Bc5 Ka5 63. Bb4+ Kb5 64. Ba3 Kc6 65. Bc1 Kd5 66. Be3 Ke4 67. Bd4 Kf3 68. Be5 Ke2 69. Bd4 Kf1 70. Bc5 Ke2 71. Bb4 Kf3 72. Ba3 Kf4 73. Bb4 Kf5 74. Bc5 Kf4 75. Kd4 Kf5 76. Kd5 Kf4 77. Bd4 Kf3 78. Bc3 Ke2 79. Kd4 Kd1 80. Bb4 Kc2 81. Bc5 Kb3 82. Bd6 c3 83. Bf4 c2 84. Kd3 Kb2 85. Bd2 c1=Q 86. Bxc1+ 1/2-1/2


[Site "https://www.chess.com"]

[Event "Titled Tuesday Blitz June 8 2021"]
[White "Nenezic, Marko"]
[Black "Khusnutdinov, Rustam"]
[WhiteFideId "912123"]
[BlackFideId "13701703"]
[WhiteElo "2438"]
[BlackElo "2571"]
[Result "0-1"]
[Round "08"]
[TimeControl "180+1"]
[Date "2021.06.08"]
[WhiteClock "0:00:06"]
[BlackClock "0:00:14"]

1. d4 Nf6 2. c4 c5 3. d5 g6 4. Nc3 Bg7 5. e4 d6 6. Nf3 O-O 7. Be2 e6 8. O-O exd5 9. exd5 Bf5 10. Nh4 Bc8 11. Bd3 Bg4 12. f3 Bc8 13. g3 Nbd7 14. Bg5 h6 15. Bd2 Ne5 16. Be2 Bh3 17. Re1 Re8 18. Ng2 Bxg2 19. Kxg2 h5 20. Bg5 Qb6 21. Qb3 Qc7 22. h3 Qd7 23. Qc2 Nh7 24. Bd2 f5 25. f4 Nf7 26. Bf3 a6 27. a4 Nf6 28. Qd3 Qc7 29. Re6 Nd8 30. Rxe8+ Nxe8 31. g4 hxg4 32. hxg4 Qf7 33. a5 Rb8 34. Re1 b6 35. axb6 Rxb6 36. Qc2 Rb7 37. b3 Nf6 38. gxf5 gxf5 39. Qxf5 Rxb3 40. Nd1 Ra3 41. Bc3 Ra2+ 42. Kf1 Ra4 43. Qc8 Qf8 44. Ne3 Nh5 45. Bxg7 Nxg7 46. f5 Nf7 47. Qxf8+ Kxf8 48. f6 Ne8 49. Ng4 Rxc4 50. Be2 Rf4+ 51. Kg2 Nxf6 52. Kg3 Rf5 53. Nxf6 Rxf6 54. Bxa6 Ne5 55. Bb7 Ke7 56. Ra1 Rf3+ 57. Kg2 Rb3 58. Ra7 Kf6 59. Bc8 Rb2+ 60. Kf1 c4 61. Be6 Kg5 62. Rc7 Kf4 63. Ke1 Ke3 64. Kd1 Nd3 65. Rxc4 Rd2# 0-1


[Site "https://www.chess.com"]

[Event "Titled Tuesday Blitz June 8 2021"]
[White "Nitin, S."]
[Black "Ibarra Jerez, Jose Carlos"]
[WhiteFideId "5018277"]
[BlackFideId "2226332"]
[WhiteElo "2431"]
[BlackElo "2602"]
[Result "0-1"]
[Round "08"]
[TimeControl "180+1"]
[Date "2021.06.08"]
[WhiteClock "0:00:56"]
[BlackClock "0:01:19"]

1. e4 c5 2. Nf3 e6 3. d4 cxd4 4. Nxd4 Bc5 5. Nb3 Bb6 6. Nc3 Ne7 7. Bd3 O-O 8. O-O f5 9. Bg5 f4 10. e5 Nbc6 11. Qh5 h6 12. Bh4 Qe8 13. Qxe8 Rxe8 14. Bxe7 Rxe7 15. Rfe1 Bc7 16. Be4 Nxe5 17. Nb5 Bb8 18. c4 a6 19. N5d4 d6 20. g3 Rf7 21. Rad1 Nxc4 22. Rc1 d5 23. Bg6 Rf6 24. Bd3 b5 25. a4 e5 26. Ne2 fxg3 27. hxg3 Ba7 28. Rf1 Bh3 0-1


[Site "https://www.chess.com"]

[Event "Titled Tuesday Blitz June 8 2021"]
[White "Noboa Silva, Kevin"]
[Black "Mezentsev, Ivan"]
[WhiteFideId "3618471"]
[BlackFideId "13706195"]
[WhiteElo "2161"]
[BlackElo "2295"]
[Result "0-1"]
[Round "08"]
[TimeControl "180+1"]
[Date "2021.06.08"]
[WhiteClock "0:00:17"]
[BlackClock "0:01:24"]

1. d4 Nf6 2. c4 g6 3. Nc3 Bg7 4. e4 d6 5. h3 Nc6 6. d5 Ne5 7. Be2 O-O 8. Bg5 c6 9. Nf3 Nxf3+ 10. Bxf3 Qb6 11. Qd2 cxd5 12. cxd5 Bd7 13. O-O Rfc8 14. Rac1 Rc7 15. Rfe1 Rac8 16. e5 dxe5 17. Rxe5 Bf8 18. Bh6 Bxh6 19. Qxh6 Qxb2 20. Rxe7 Rxc3 21. Rxc3 Qxc3 22. Qh4 Qc1+ 23. Kh2 Qc7+ 24. g3 Qd6 25. Re3 Kg7 26. Qd4 b6 27. Kg2 Re8 28. Rxe8 Bxe8 29. g4 g5 30. h4 h6 31. hxg5 hxg5 32. Qe3 Qf4 33. Qe7 Bd7 34. d6 Bxg4 35. Bxg4 Nxg4 36. d7 Qxf2+ 37. Kh3 Qf3# 0-1


[Site "https://www.chess.com"]

[Event "Titled Tuesday Blitz June 8 2021"]
[White "Nozdrachev, Leonid"]
[Black "Gritsenko, Nikolai"]
[WhiteFideId "24113433"]
[BlackFideId "14112493"]
[WhiteElo "2221"]
[BlackElo "2389"]
[Result "1/2-1/2"]
[Round "08"]
[TimeControl "180+1"]
[Date "2021.06.08"]
[WhiteClock "0:00:23"]
[BlackClock "0:00:06"]

1. e4 e5 2. Nf3 d6 3. d4 exd4 4. Nxd4 Nf6 5. Nc3 g6 6. Bf4 Bg7 7. Qd2 O-O 8. O-O-O Nc6 9. Nf3 Re8 10. Bd3 a6 11. Rhe1 Bg4 12. h3 Bxf3 13. gxf3 Ne5 14. Be2 b5 15. Bg3 Nh5 16. f4 Nxg3 17. fxg3 Nd7 18. h4 Nc5 19. Bf3 Rb8 20. h5 b4 21. Nd5 Na4 22. b3 Nc3 23. Nxc3 bxc3 24. Qd5 c5 25. a4 Qa5 26. Rd4 Bxd4 27. e5 dxe5 28. hxg6 hxg6 29. f5 Rbd8 30. Qc6 Qb4 31. fxg6 Qa3+ 32. Kd1 Bf2+ 33. Ke2 Bxe1 34. Bd5 Rxd5 35. Qxe8+ Kg7 36. Qxf7+ Kh6 37. g7 Rd2+ 38. Ke3 Qc1 39. g8=N+ Kg5 40. Qf6+ Kg4 41. Qh4+ Kf5 42. Qf6+ Kg4 43. Qh4+ Kf5 44. Qf6+ Kg4 1/2-1/2


[Site "https://www.chess.com"]

[Event "Titled Tuesday Blitz June 8 2021"]
[White "Ognean, Mihnea-Ionut"]
[Black "Balakrishnan, Praveen"]
[WhiteFideId "1232347"]
[BlackFideId "2064871"]
[WhiteElo "2012"]
[BlackElo "2237"]
[Result "0-1"]
[Round "08"]
[TimeControl "180+1"]
[Date "2021.06.08"]
[WhiteClock "0:00:17"]
[BlackClock "0:00:13"]

1. e4 g6 2. d4 Bg7 3. Nc3 a6 4. f4 b5 5. Nf3 Bb7 6. Bd3 d6 7. e5 c5 8. dxc5 dxc5 9. Qe2 Nh6 10. Be4 Bxe4 11. Nxe4 Qd5 12. O-O Nd7 13. Rd1 Qc6 14. a4 O-O 15. b3 Nb6 16. Bb2 bxa4 17. Neg5 c4 18. bxa4 Nxa4 19. Bd4 Nf5 20. Bf2 Nc3 21. Qe1 Nxd1 22. Qxd1 h6 23. Nh3 Rfd8 24. Qe2 e6 25. Be1 Nd4 26. Nxd4 Rxd4 27. Bc3 Rd7 28. Nf2 Rad8 29. Ne4 Rd5 30. h4 h5 31. Kh2 Qc7 32. Ra3 Qe7 33. Ra1 Qxh4+ 34. Kg1 Qxf4 35. Rf1 Rd1 36. Rxd1 Rxd1+ 37. Qxd1 Qxe4 38. Qd8+ Kh7 39. Qd2 Bxe5 40. Bxe5 Qxe5 41. Qf2 Qf5 42. Qa7 a5 43. Qc7 a4 44. Qxc4 a3 45. Qa4 Qc5+ 46. Kh1 Kg7 47. Qa6 Qc3 48. g4 hxg4 49. Kg2 Qxc2+ 50. Kg3 Qb3+ 51. Kxg4 f5+ 52. Kf4 Qb4+ 53. Ke5 Qe4+ 54. Kd6 Qd4+ 55. Ke7 Qf6+ 56. Ke8 Qf7+ 57. Kd8 Qf6+ 58. Ke8 Qf8+ 59. Kd7 e5 60. Qa7 Qf7+ 0-1


[Site "https://www.chess.com"]

[Event "Titled Tuesday Blitz June 8 2021"]
[White "Orozbaev, Eldiar"]
[Black "Suarez Gomez, Julio"]
[WhiteFideId "13802240"]
[BlackFideId "22275991"]
[WhiteElo "1914"]
[BlackElo "2376"]
[Result "1-0"]
[Round "08"]
[TimeControl "180+1"]
[Date "2021.06.08"]
[WhiteClock "0:01:38"]
[BlackClock "0:00:47"]

1. e4 e6 2. d4 d5 3. exd5 exd5 4. Nc3 Nf6 5. Bd3 c6 6. Nge2 Bg4 7. f3 Bh5 8. Bg5 Nbd7 9. Qd2 Bg6 10. O-O-O Bxd3 11. Qxd3 Qc7 12. Rde1 O-O-O 13. Ng3 h6 14. Bd2 g6 15. Re2 h5 16. Rhe1 Bd6 17. f4 Bxf4 18. Bxf4 Qxf4+ 19. Kb1 Rhe8 20. Rf1 Qd6 21. Ref2 h4 22. Nge2 Qxh2 23. Rxf6 Nxf6 24. Rxf6 Qxg2 25. Rxf7 h3 26. Nb5 Qxe2 27. Nxa7+ Kb8 28. Nxc6+ bxc6 29. Qb3+ Qb5 30. Qg3+ Ka8 31. Qa3+ Kb8 32. Qa7+ Kc8 33. Qc7# 1-0


[Site "https://www.chess.com"]

[Event "Titled Tuesday Blitz June 8 2021"]
[White "Ozkan, Ervin"]
[Black "Pastar, Slaven"]
[WhiteFideId "6306004"]
[BlackFideId "14402718"]
[WhiteElo "2226"]
[BlackElo "2227"]
[Result "0-1"]
[Round "08"]
[TimeControl "180+1"]
[Date "2021.06.08"]
[WhiteClock "0:00:08"]
[BlackClock "0:00:17"]

1. e4 b6 2. d4 Bb7 3. Nc3 e6 4. a3 Nf6 5. Bd3 d5 6. e5 Nfd7 7. Nce2 c5 8. c3 Ba6 9. Bc2 Qc7 10. f4 cxd4 11. cxd4 Qc4 12. Nf3 Nc6 13. Be3 Rc8 14. Nc3 Na5 15. Nd2 Qc6 16. f5 exf5 17. Bxf5 Nc4 18. Nxc4 Bxc4 19. Qf3 g6 20. Bh3 Bg7 21. Qg4 h5 22. Qh4 b5 23. Kd2 O-O 24. Qe7 Rcd8 25. Rhf1 Nb6 26. Rxf7 Rxf7 27. Qxd8+ Kh7 28. e6 Rf8 29. e7 Re8 30. Bd7 Qxd7 31. Qxd7 Nxd7 32. Bg5 Bf6 33. Re1 Bxg5+ 0-1


[Site "https://www.chess.com"]